 Dungeon Crawl Stone Soup version 0.27-a0-1590-g15f69828bf (webtiles) character file.

Game seed: 3395984714106209496

172 Sobieck the Insei (level 5, -5/28 HPs)
             Began as a Vine Stalker Monk on July 19, 2021.
             Splashed by a jelly's acid (6 damage)
             ... on level 4 of the Dungeon.
             The game lasted 00:04:51 (3125 turns).

Sobieck the Insei (Vine Stalker Monk)               Turns: 3125, Time: 00:04:52

Health: -5/28      AC: -9    Str: 15    XL:     5   Next: 52%
Magic:  0/6        EV: 13    Int: 10    God:
Gold:   163        SH:  0    Dex: 16    Spells: 4/4 levels left

rFire    . . .     SeeInvis .     - Unarmed
rCold    . . .     Faith    .   (no shield)
rNeg     . . .     Spirit   +   a - +0 robe
rPois    .         Reflect  .   t - +0 helmet
rElec    .         Harm     .   k - +1 cloak {Will+}
rCorr    .         Rampage  .   m - +0 pair of gloves
Will     +....                  (no boots)
Stlth    ++........             (no amulet)
HPRegen  1.09/turn              (no ring)
MPRegen  0.10/turn              (no ring)

@: corroded
A: fangs 2, regeneration 1, magic shield, antimagic bite, no potion heal 2
a: no special abilities


You were on level 4 of the Dungeon.
You visited 1 branch of the dungeon, and saw 4 of its levels.

You collected 163 gold pieces.


Innate Abilities, Weirdness & Mutations

You have extremely sharp teeth.
Your natural rate of healing is unusually fast.
When hurt, damage is shared between your health and your magic reserves.
Your bite disrupts and absorbs the magic of your enemies.
Potions cannot restore your health.


   Skills:
 + Level 3.4 Fighting
 + Level 1.5 Armour
 + Level 3.1 Dodging
 - Level 2.4 Stealth
 * Level 4.4 Unarmed Combat


You had 4 spell levels left.
You didn't know any spells.
Your spell library contained the following spells:

 Spells                   Type           Power      Damage    Failure   Level
 Summon Small Mammal      Summ           0%         N/A       36%         1
 Static Discharge         Conj/Air       0%         N/A       50%         2
 Call Canine Familiar     Summ           0%         N/A       75%         3
 Gell's Gravitas          Tloc           0%         N/A       75%         3
 Lesser Beckoning         Tloc           0%         N/A       75%         3
 Summon Guardian Golem    Hex/Summ       0%         N/A       75%         3
 Teleport Other           Tloc           0%         N/A       75%         3
 Lightning Bolt           Conj/Air       0%         1d11      100%        5
 Maxwell's Capacitive Co  Air            0%         ∞         100%        8

Inventory:

Missiles
 c - 33 arrows
 d - 4 atropa-tipped darts (quivered) {throwing}
 h - 116 stones {throwing}
 l - 14 poisoned darts {throwing}
 o - 33 sling bullets
Armour
 a - a +0 robe (worn)
 j - a +0 cloak
   (You found it on level 2 of the Dungeon)
 k - a +1 cloak of willpower (worn)
   (You found it on level 2 of the Dungeon)
 m - a +0 pair of gloves (worn)
   (You found it on level 2 of the Dungeon)
 t - a +0 helmet (worn)
   (You found it on level 3 of the Dungeon)
Scrolls
 b - a scroll of blinking {unknown}
 e - a scroll of enchant armour {unknown}
 f - 2 scrolls of identify {unknown}
 g - 2 scrolls of teleportation {unknown}
Potions
 i - 2 potions of brilliance {unknown}
 n - a potion of mutation {unknown}
 p - 4 potions of curing {unknown}
 q - 2 potions of haste {unknown}
 r - a potion of heal wounds {unknown}
 s - 2 potions of flight {unknown}

Dungeon Overview and Level Annotations

Branches:
Dungeon (4/15)
 Temple: D:4-7

Altars:

Annotations:
D:2 exclusion: downstairs
D:3 exclusion: downstairs

#######
#..@..#
#.#J#.#
.. ..#
# #..
##.# #.
..# ..
### #


You could see a jelly.


Message History

You closely miss the hobgoblin. Your bite misses the hobgoblin.
The hobgoblin hits you but does no damage. 😎 HP[+1]
Your hp is fully restored (28).
You hit the hobgoblin but do no damage. You punch the hobgoblin.
The hobgoblin barely misses you.
You hit the hobgoblin.
You kill the hobgoblin!
No target in view!
There is an open door here.
You open the door.
There is an open door here.
There is an open door here.
A hobgoblin comes into view.
The hobgoblin shouts!
The hobgoblin hits you. 😕 HP[-3] MP[-1]
You take 3 damage, and now have 25/28 hp.
You lost 1 mp, and now have 5/6 mp.
You hit the hobgoblin.
You bite the hobgoblin, but do no damage.
The hobgoblin hits you. 😕 MP[-1]
You lost 1 mp, and now have 4/6 mp.
You closely miss the hobgoblin.
You bite the hobgoblin, but do no damage.
The hobgoblin hits you but does no damage. 😕 HP[+1]
You punch the hobgoblin!
You kill the hobgoblin! 😕 HP[+1] No target in view!
No target in view!
As you open the door, it creaks loudly!
There is an open door here.
You open the door.
There is an open door here.
There is an open door here.
Found a stone staircase leading down.
The adder hisses angrily.
There is an open door here.
There is an open door here.
Done exploring. 😎 HP[+1] MP[+2]
Your hp is fully restored (28).
Your mp is fully restored (6).
There is a stone staircase leading down here.
You climb downwards.
The jelly quivers.
The jelly hits you.
You are splashed with acid.
There is a stone staircase leading up here. 😕 HP[-4] MP[-1]
You take 4 damage, and now have 24/28 hp.
You lost 1 mp, and now have 5/6 mp.
You barely miss the jelly. The jelly misses you. 😕 HP[+1]
You hit the jelly. The acid corrodes you!
Your hands burn!
You bite the jelly. You drain its power.
You feel invigorated.
The jelly hits you but does no damage. 😕 HP[-2] MP[+1]
You take 2 damage, and now have 23/28 hp.
Your mp is fully restored (6).
You hit the jelly but do no damage.
Your hands burn!
You bite the jelly, but do no damage. The jelly misses you. 😮 HP[-3] MP[-1]
You take 3 damage, and now have 20/28 hp.
You lost 1 mp, and now have 5/6 mp.
You are too injured to fight recklessly!
You are too injured to fight recklessly!
Unknown command.
You hit the jelly.
Your hands burn!
You bite the jelly, but do no damage. The jelly misses you. 😮 HP[-3] MP[-1]
You take 3 damage, and now have 17/28 hp.
You lost 1 mp, and now have 4/6 mp.
You hit the jelly but do no damage. The acid corrodes you!
Your hands burn!
You bite the jelly, but do no damage. The jelly hits you.
You are splashed with acid!
* * * LOW HITPOINT WARNING * * *
😱 HP[-11] MP[-2]
You take 11 damage, and now have 6/28 hp.
MASSIVE DAMAGE!! (PAUSE)
You lost 2 mp, and now have 2/6 mp.
You hit the jelly but do no damage.
Your hands burn!
* * * LOW HITPOINT WARNING * * *
You bite the jelly, but do no damage. The jelly misses you. 😱 HP[-3] MP[-1]
You take 3 damage, and now have 3/28 hp.
You lost 1 mp, and now have 1/6 mp.
Unknown command.
You hit the jelly. The acid corrodes you!
Your hands burn!
* * * LOW HITPOINT WARNING * * *
You bite the jelly, but do no damage. The jelly barely misses you. 😱 HP[-1]
You take 1 damage, and now have 2/28 hp.
You hit the jelly. The acid corrodes you!
Your hands burn!
* * * LOW HITPOINT WARNING * * *
You punch the jelly, but do no damage. The jelly hits you.
* * * LOW HITPOINT WARNING * * *
The acid corrodes you!
You are splashed with acid!
You die...

Skill      XL: |  1  2  3  4 |
---------------+-------------+-----
Fighting       | 3 |  3.4
Armour         | 1 |  1.5
Unarmed Combat | 4 |  4.4
Dodging        | 3 |  3.1
Stealth        | |  2.4

Action                   |  1- 3 |  4- 6 || total
-------------------------+-------+-------++-------
Melee: Unarmed           |   130 |    91 ||   221
       Bite              |    29 |    25 ||    54
       Punch             |     2 |     4 ||     6
Throw: Dart              |     4 |       ||     4
 Stab: Sleeping          |     6 |     4 ||    10
Armor: Robe              |    23 |    16 ||    39
Dodge: Dodged            |    90 |    47 ||   137

Levels and vault maps discovered:
D:1:      tarquinn_simple_flora_water_f, layout_basic
D:2:      layout_basic
D:3:      layout_basic, gup_sewer_entry_glass, minmay_gold_behind_fungi
D:4:      layout_basic, nicolae_ru_awakened_eye,
          grunt_dithmenos_smoke_and_mirrors, nicolae_vehumet_altar_sigil

Notes
Turn   | Place    | Note
-------+----------+-------------------------------------------
     0 | D:1      | Sobieck the Vine Stalker Monk began the quest for the Orb.
     0 | D:1      | Reached XP level 1. HP: 11/11 MP: 2/2
     0 | D:1      | magus.rc [v1.9.6]
   467 | D:1      | Reached XP level 2. HP: 16/16 MP: 3/3
   762 | D:1      | You pick up a book of Lightning and begin reading...
   762 | D:1      | You add the spells Static Discharge, Lightning Bolt and
                  | Maxwell's Capacitive Coupling to your library.
  1178 | D:1      | Reached XP level 3. HP: 18/19 MP: 4/4
  1504 | D:2      | Reached skill level 3 in Fighting
  1583 | D:2      | You pick up a book of Callings and begin reading...
  1583 | D:2      | You add the spells Summon Small Mammal, Call Canine
                  | Familiar and Summon Guardian Golem to your library.
  1839 | D:2      | Reached skill level 1 in Armour
  1967 | D:2      | Gained mutation: Your natural rate of healing is unusually
                  | fast. [Vine Stalker growth]
  1967 | D:2      | Reached XP level 4. HP: 16/24 MP: 5/5
  2520 | D:4      | Noticed an orc warrior
  2526 | D:3      | Reached skill level 4 in Unarmed Combat
  2687 | D:3      | Noticed a bullfrog
  2696 | D:3      | Killed a bullfrog
  2697 | D:3      | Reached skill level 3 in Dodging
  2697 | D:3      | Reached XP level 5. HP: 24/28 MP: 4/6
  2783 | D:3      | You pick up a book of Displacement and begin reading...
  2783 | D:3      | You add the spells Lesser Beckoning, Gell's Gravitas and
                  | Teleport Other to your library.
  3122 | D:4      | HP: 6/28 [acid (9)]
  3123 | D:4      | HP: 2/28 [acid (4)]
  3125 | D:4      | Splashed by a jelly's acid

Vanquished Creatures
  A bullfrog (D:3)
  3 adders
  An orc (D:3)
  4 bats
  7 endoplasms
  3 giant cockroaches (D:2)
  4 goblins
  10 hobgoblins
  10 jackals
  3 quokkas
  11 ball pythons
  2 frilled lizards
  3 kobolds
  8 rats
70 creatures vanquished.

Vanquished Creatures (others)
  A fungus (D:3)
  5 toadstools (D:3)
6 creatures vanquished.

Grand Total: 76 creatures vanquished

Table legend:
 A = Non-vault XP
 B = Vault XP
 C = Vault XP percentage of total XP
 D = Non-vault monster count
 E = Vault monster count
 F = Vault count percentage of total count
                 A         B        C        D         E       F
            +---------+---------+-------+---------+---------+-------
      Total |     246 |       0 |   0.0 |      70 |       0 |   0.0
            +---------+---------+-------+---------+---------+-------
        D:1 |      43 |       0 |   0.0 |      26 |       0 |   0.0
        D:2 |      53 |       0 |   0.0 |      24 |       0 |   0.0
        D:3 |     150 |       0 |   0.0 |      20 |       0 |   0.0
            +---------+---------+-------+---------+---------+-------

Illustrated notes

Table legend:
 A = Kills in this place as a percentage of kills in entire the game.
 B = Kills by you in this place as a percentage of kills by you in the entire game.
 C = Kills by friends in this place as a percentage of kills by friends in the entire game.
 D = Other kills in this place as a percentage of other kills in the entire game.
 E = Experience gained in this place as a percentage of experience gained in the entire game.
 F = Experience gained in this place divided by the number of levels of this place that you have seen.
                   A       B       C       D       E      F
               +-------+-------+-------+-------+-------+----------------------
         Total | 100.0 | 100.0 |   N/A |   N/A | 100.0 |  61.5
       Dungeon | 100.0 | 100.0 |   N/A |   N/A | 100.0 |  61.5
               +-------+-------+-------+-------+-------+----------------------

Table legend: (Time is in decaauts)
 A = Elapsed time spent in this place.
 B = Non-inter-level travel time spent in this place.
 C = Inter-level travel time spent in this place.
 D = Time resting spent in this place.
 E = Time spent auto-exploring this place.
 F = Levels seen in this place.
 G = Mean time per level.
                   A        B        C        D        E       F      G
               +--------+--------+--------+--------+--------+-----+--------+
         Total |   3117 |   2995 |    122 |    572 |   1869 |   4 |  779.2 |
       Dungeon |   3117 |   2995 |    122 |    572 |   1869 |   4 |  779.2 |
               +--------+--------+--------+--------+--------+-----+--------+

Top non-repeatable levels by time:
     D:1: 1484 daAuts
     D:2: 891 daAuts
     D:3: 729 daAuts
     D:4: 11 daAuts
